Map: Terraform LE (Void)

Players

BruteForce

  • Race: Zerg Zerg
  • League: Silver

wabbajack - Winner!

  • Race: Zerg Zerg
  • League: Gold

VOD

Have the link to the VOD?

Description

Time

  • Played on: July 21, 2015, 10:22 p.m.
  • Length: 6:47
Show
View Real Time Build Order
Export as new Build Order

BruteForce Zerg 

Build Orders: Pool First 

Get SALT Encoding   

  12  0:02  Drone  
  13  0:12  Drone  
  14  0:16  Drone, Extractor  
  15  0:31  Spawning Pool  
  14  0:36  Extractor  
  14  0:37  Drone  
  15  1:03  Hatchery  
  14  1:05  Overlord  
  14  1:10  Extractor  
  13  1:12  Drone  
  13  1:17  Extractor  
  13  1:18  Drone  
  13  1:25  Drone  
  16  1:36  Queen  
  16  1:38  Drone  
  19  1:44  Overlord  
  19  1:53  Drone  
  20  2:02  Zergling x2  
  21  2:12  Queen  
  21  2:15  Drone  
  24  2:17  Queen  
  24  2:21  Drone  
  27  2:28  Metabolic Boost  
  27  2:32  Zergling x2  
  29  2:37  Zergling x2  
  29  2:39  Zergling x2  
  31  2:44  Zergling x2  
  31  2:48  Zergling x2  
  31  2:49  Zergling x2  
  33  2:51  Zergling x2  
  34  3:02  Zergling x4  
  34  3:03  Overlord  
  35  3:34  Roach Warren  
  34  3:35  Drone x6  
  31  4:11  Overlord  
  31  4:16  Roach x3  
  31  4:17  Overlord, Roach x3  
  43  4:18  Overlord  
  43  4:38  Roach x4  
  51  5:03  Roach x4  
  51  5:04  Roach x2  
  51  5:06  Overlord x2  
  63  5:08  Extractor  
  63  5:12  Drone x3  
  65  5:18  Extractor  
  65  5:20  Extractor  
  63  5:22  Drone x4  
  63  5:23  Drone  
  63  5:27  Spine Crawler  
  67  5:42  Drone x3  
  70  5:46  Lair  
  70  5:54  Drone x3  
  55  6:21  Roach  
Show
View Real Time Build Order
Export as new Build Order

wabbajack Zerg - Winner!

Build Orders: Hatch First 

Get SALT Encoding   

  12  0:01  Drone  
  13  0:09  Drone  
  14  0:18  Overlord  
  14  0:26  Extractor  
  14  0:27  Drone, Extractor  
  13  0:30  Drone  
  16  0:40  Drone  
  17  0:50  Drone  
  18  0:59  Hatchery  
  18  1:01  Drone  
  18  1:03  Extractor  
  17  1:18  Spawning Pool  
  17  1:19  Drone  
  17  1:23  Drone  
  18  1:33  Drone  
  18  1:38  Overlord  
  19  1:52  Drone  
  20  2:01  Drone  
  21  2:05  Queen  
  21  2:06  Extractor  
  22  2:11  Queen  
  22  2:12  Drone  
  22  2:13  Drone  
  26  2:31  Roach Warren  
  26  2:35  Drone  
  26  2:36  Drone x3  
  29  2:39  Metabolic Boost  
  29  2:54  Drone  
  30  3:02  Overlord  
  30  3:03  Overlord  
  30  3:24  Roach x6  
  30  3:26  Roach  
  44  3:33  Overlord  
  44  3:42  Roach x2  
  44  4:21  Queen  
  46  4:26  Roach x6  
  58  4:35  Roach  
  60  4:42  Overlord x2  
  60  5:12  Overlord x3  
  60  5:32  Zergling x26  
  60  5:33  Zergling x4  
  75  5:51  Overlord  
  75  5:53  Zergling x8  
  75  5:54  Zergling x2  
  72  6:13  Zergling x2  
  72  6:14  Zergling x14  
Tags
 
Add a new tag
Caveats
  • Supply blocks, unpowered buildings, or Contaminate may cause inaccurate times.
  • Supply counts are checked every 10 seconds.